Workbook

Sheet Cadastro de Alunos
A1: Matrícula | B1: Nome do Aluno | C1: Responsável Financeiro | D1: CPF do Responsável | E1: Turma | F1: Turno | G1: Cidade | H1: Telefone | I1: E-mail | J1: Valor Mensalidade Padrão | K1: Bolsa/Desconto % | L1: Status da Matrícula
A2: ALU-2026-001 | B2: João Silva | C2: Marcos Silva | D2: 01234567890 | E2: 1º Ano A | F2: Manhã | G2: São Paulo | H2: (11) 99876-1201 | I2: marcos.silva@email.com | J2: 950 | K2: 0 | L2: Ativo
A3: ALU-2026-002 | B3: Maria Oliveira | C3: Patrícia Oliveira | D3: 12345678901 | E3: 1º Ano A | F3: Tarde | G3: Campinas | H3: (19) 99765-2202 | I3: patricia.oliveira@email.com | J3: 980 | K3: 0.05 | L3: Ativo
A4: ALU-2026-003 | B4: Pedro Santos | C4: Renato Santos | D4: 23456789012 | E4: 2º Ano B | F4: Manhã | G4: Curitiba | H4: (41) 99654-3303 | I4: renato.santos@email.com | J4: 1200 | K4: 0.1 | L4: Ativo
A5: ALU-2026-004 | B5: Ana Souza | C5: Carla Souza | D5: 34567890123 | E5: 2º Ano B | F5: Tarde | G5: Belo Horizonte | H5: (31) 99543-4404 | I5: carla.souza@email.com | J5: 1100 | K5: 0 | L5: Ativo
A6: ALU-2026-005 | B6: Carlos Pereira | C6: Beatriz Pereira | D6: 45678901234 | E6: 5º Ano A | F6: Manhã | G6: Rio de Janeiro | H6: (21) 99432-5505 | I6: beatriz.pereira@email.com | J6: 1450 | K6: 0.15 | L6: Ativo
A7: ALU-2026-006 | B7: Juliana Costa | C7: Sérgio Costa | D7: 56789012345 | E7: 5º Ano A | F7: Tarde | G7: Brasília | H7: (61) 99321-6606 | I7: sergio.costa@email.com | J7: 780 | K7: 0.2 | L7: Ativo
A8: ALU-2026-007 | B8: Rafael Almeida | C8: Luciana Almeida | D8: 67890123456 | E8: 6º Ano B | F8: Manhã | G8: São Paulo | H8: (11) 99210-7707 | I8: luciana.almeida@email.com | J8: 980 | K8: 0.05 | L8: Ativo
A9: ALU-2026-008 | B9: Camila Ferreira | C9: Eduardo Ferreira | D9: 78901234567 | E9: 6º Ano B | F9: Tarde | G9: Recife | H9: (81) 99109-8808 | I9: eduardo.ferreira@email.com | J9: 1200 | K9: 0 | L9: Ativo
A10: ALU-2026-009 | B10: Lucas Rodrigues | C10: Mariana Rodrigues | D10: 89012345678 | E10: 9º Ano A | F10: Manhã | G10: Fortaleza | H10: (85) 99098-9909 | I10: mariana.rodrigues@email.com | J10: 1100 | K10: 0.1 | L10: Ativo
A11: ALU-2026-010 | B11: Fernanda Lima | C11: Roberto Lima | D11: 90123456789 | E11: 9º Ano A | F11: Tarde | G11: Curitiba | H11: (41) 98987-1010 | I11: roberto.lima@email.com | J11: 1300 | K11: 0 | L11: Inativo

Sheet Mensalidades
A1: ID Cobrança | B1: Competência | C1: Data de Vencimento | D1: Matrícula | E1: Nome do Aluno | F1: Responsável Financeiro | G1: Turma | H1: Valor Bruto | I1: Desconto % | J1: Valor do Desconto | K1: Multa/Juros | L1: Valor Líquido | M1: Data de Pagamento | N1: Valor Pago | O1: Saldo em Aberto | P1: Status | Q1: Forma de Pagamento | R1: Dias em Atraso | S1: Observações
A2: MEN-2026-081 | B2: 46235 | C2: 46239 | D2: ALU-2026-001 | E2: =IF(D2="","",IFERROR(VLOOKUP(D2,'Cadastro de Alunos'!$A$2:$L$101,2,FALSE),"Matrícula não encontrada")) | F2: =IF(D2="","",IFERROR(VLOOKUP(D2,'Cadastro de Alunos'!$A$2:$L$101,3,FALSE),"")) | G2: =IF(D2="","",IFERROR(VLOOKUP(D2,'Cadastro de Alunos'!$A$2:$L$101,5,FALSE),"")) | H2: =IF(D2="","",IFERROR(VLOOKUP(D2,'Cadastro de Alunos'!$A$2:$L$101,10,FALSE),0)) | I2: =IF(D2="","",IFERROR(VLOOKUP(D2,'Cadastro de Alunos'!$A$2:$L$101,11,FALSE),0)) | J2: =IF(OR(D2="",H2=""),"",IFERROR(H2*I2,0)) | K2: 0 | L2: =IF(OR(D2="",H2=""),"",IFERROR(H2-J2+K2,0)) | N2: 950 | O2: =IF(OR(D2="",L2=""),"",IFERROR(MAX(0,L2-N2),0)) | P2: =IF(OR(D2="",C2="",O2=""),"",IF(O2=0,"Pago",IF(N2>0,"Pago parcial",IF(C2<TODAY(),"Atrasado","Em aberto")))) | Q2: Pix | R2: =IF(OR(D2="",C2="",O2=""),"",IF(AND(O2>0,C2<TODAY()),TODAY()-C2,0)) | S2: Pagamento realizado antes do vencimento
A3: MEN-2026-082 | B3: 46235 | C3: 46244 | D3: ALU-2026-002 | E3: =IF(D3="","",IFERROR(VLOOKUP(D3,'Cadastro de Alunos'!$A$2:$L$101,2,FALSE),"Matrícula não encontrada")) | F3: =IF(D3="","",IFERROR(VLOOKUP(D3,'Cadastro de Alunos'!$A$2:$L$101,3,FALSE),"")) | G3: =IF(D3="","",IFERROR(VLOOKUP(D3,'Cadastro de Alunos'!$A$2:$L$101,5,FALSE),"")) | H3: =IF(D3="","",IFERROR(VLOOKUP(D3,'Cadastro de Alunos'!$A$2:$L$101,10,FALSE),0)) | I3: =IF(D3="","",IFERROR(VLOOKUP(D3,'Cadastro de Alunos'!$A$2:$L$101,11,FALSE),0)) | J3: =IF(OR(D3="",H3=""),"",IFERROR(H3*I3,0)) | K3: 0 | L3: =IF(OR(D3="",H3=""),"",IFERROR(H3-J3+K3,0)) | N3: 931 | O3: =IF(OR(D3="",L3=""),"",IFERROR(MAX(0,L3-N3),0)) | P3: =IF(OR(D3="",C3="",O3=""),"",IF(O3=0,"Pago",IF(N3>0,"Pago parcial",IF(C3<TODAY(),"Atrasado","Em aberto")))) | Q3: Boleto | R3: =IF(OR(D3="",C3="",O3=""),"",IF(AND(O3>0,C3<TODAY()),TODAY()-C3,0)) | S3: Pagamento confirmado
A4: MEN-2026-083 | B4: 46266 | C4: 46270 | D4: ALU-2026-003 | E4: =IF(D4="","",IFERROR(VLOOKUP(D4,'Cadastro de Alunos'!$A$2:$L$101,2,FALSE),"Matrícula não encontrada")) | F4: =IF(D4="","",IFERROR(VLOOKUP(D4,'Cadastro de Alunos'!$A$2:$L$101,3,FALSE),"")) | G4: =IF(D4="","",IFERROR(VLOOKUP(D4,'Cadastro de Alunos'!$A$2:$L$101,5,FALSE),"")) | H4: =IF(D4="","",IFERROR(VLOOKUP(D4,'Cadastro de Alunos'!$A$2:$L$101,10,FALSE),0)) | I4: =IF(D4="","",IFERROR(VLOOKUP(D4,'Cadastro de Alunos'!$A$2:$L$101,11,FALSE),0)) | J4: =IF(OR(D4="",H4=""),"",IFERROR(H4*I4,0)) | K4: 0 | L4: =IF(OR(D4="",H4=""),"",IFERROR(H4-J4+K4,0)) | N4: 1080 | O4: =IF(OR(D4="",L4=""),"",IFERROR(MAX(0,L4-N4),0)) | P4: =IF(OR(D4="",C4="",O4=""),"",IF(O4=0,"Pago",IF(N4>0,"Pago parcial",IF(C4<TODAY(),"Atrasado","Em aberto")))) | Q4: Pix | R4: =IF(OR(D4="",C4="",O4=""),"",IF(AND(O4>0,C4<TODAY()),TODAY()-C4,0)) | S4: Desconto de bolsa aplicado
A5: MEN-2026-084 | B5: 46266 | C5: 46275 | D5: ALU-2026-004 | E5: =IF(D5="","",IFERROR(VLOOKUP(D5,'Cadastro de Alunos'!$A$2:$L$101,2,FALSE),"Matrícula não encontrada")) | F5: =IF(D5="","",IFERROR(VLOOKUP(D5,'Cadastro de Alunos'!$A$2:$L$101,3,FALSE),"")) | G5: =IF(D5="","",IFERROR(VLOOKUP(D5,'Cadastro de Alunos'!$A$2:$L$101,5,FALSE),"")) | H5: =IF(D5="","",IFERROR(VLOOKUP(D5,'Cadastro de Alunos'!$A$2:$L$101,10,FALSE),0)) | I5: =IF(D5="","",IFERROR(VLOOKUP(D5,'Cadastro de Alunos'!$A$2:$L$101,11,FALSE),0)) | J5: =IF(OR(D5="",H5=""),"",IFERROR(H5*I5,0)) | K5: 0 | L5: =IF(OR(D5="",H5=""),"",IFERROR(H5-J5+K5,0)) | N5: 1100 | O5: =IF(OR(D5="",L5=""),"",IFERROR(MAX(0,L5-N5),0)) | P5: =IF(OR(D5="",C5="",O5=""),"",IF(O5=0,"Pago",IF(N5>0,"Pago parcial",IF(C5<TODAY(),"Atrasado","Em aberto")))) | Q5: Cartão de Crédito | R5: =IF(OR(D5="",C5="",O5=""),"",IF(AND(O5>0,C5<TODAY()),TODAY()-C5,0)) | S5: Pagamento antecipado
A6: MEN-2026-085 | B6: 46296 | C6: 46300 | D6: ALU-2026-005 | E6: =IF(D6="","",IFERROR(VLOOKUP(D6,'Cadastro de Alunos'!$A$2:$L$101,2,FALSE),"Matrícula não encontrada")) | F6: =IF(D6="","",IFERROR(VLOOKUP(D6,'Cadastro de Alunos'!$A$2:$L$101,3,FALSE),"")) | G6: =IF(D6="","",IFERROR(VLOOKUP(D6,'Cadastro de Alunos'!$A$2:$L$101,5,FALSE),"")) | H6: =IF(D6="","",IFERROR(VLOOKUP(D6,'Cadastro de Alunos'!$A$2:$L$101,10,FALSE),0)) | I6: =IF(D6="","",IFERROR(VLOOKUP(D6,'Cadastro de Alunos'!$A$2:$L$101,11,FALSE),0)) | J6: =IF(OR(D6="",H6=""),"",IFERROR(H6*I6,0)) | K6: 0 | L6: =IF(OR(D6="",H6=""),"",IFERROR(H6-J6+K6,0)) | N6: 1232.5 | O6: =IF(OR(D6="",L6=""),"",IFERROR(MAX(0,L6-N6),0)) | P6: =IF(OR(D6="",C6="",O6=""),"",IF(O6=0,"Pago",IF(N6>0,"Pago parcial",IF(C6<TODAY(),"Atrasado","Em aberto")))) | Q6: Transferência | R6: =IF(OR(D6="",C6="",O6=""),"",IF(AND(O6>0,C6<TODAY()),TODAY()-C6,0)) | S6: Mensalidade quitada antecipadamente
A7: MEN-2026-086 | B7: 46235 | C7: 46239 | D7: ALU-2026-006 | E7: =IF(D7="","",IFERROR(VLOOKUP(D7,'Cadastro de Alunos'!$A$2:$L$101,2,FALSE),"Matrícula não encontrada")) | F7: =IF(D7="","",IFERROR(VLOOKUP(D7,'Cadastro de Alunos'!$A$2:$L$101,3,FALSE),"")) | G7: =IF(D7="","",IFERROR(VLOOKUP(D7,'Cadastro de Alunos'!$A$2:$L$101,5,FALSE),"")) | H7: =IF(D7="","",IFERROR(VLOOKUP(D7,'Cadastro de Alunos'!$A$2:$L$101,10,FALSE),0)) | I7: =IF(D7="","",IFERROR(VLOOKUP(D7,'Cadastro de Alunos'!$A$2:$L$101,11,FALSE),0)) | J7: =IF(OR(D7="",H7=""),"",IFERROR(H7*I7,0)) | K7: 48 | L7: =IF(OR(D7="",H7=""),"",IFERROR(H7-J7+K7,0)) | O7: =IF(OR(D7="",L7=""),"",IFERROR(MAX(0,L7-N7),0)) | P7: =IF(OR(D7="",C7="",O7=""),"",IF(O7=0,"Pago",IF(N7>0,"Pago parcial",IF(C7<TODAY(),"Atrasado","Em aberto")))) | Q7: Boleto | R7: =IF(OR(D7="",C7="",O7=""),"",IF(AND(O7>0,C7<TODAY()),TODAY()-C7,0)) | S7: Cobrança vencida com juros
A8: MEN-2026-087 | B8: 46266 | C8: 46270 | D8: ALU-2026-007 | E8: =IF(D8="","",IFERROR(VLOOKUP(D8,'Cadastro de Alunos'!$A$2:$L$101,2,FALSE),"Matrícula não encontrada")) | F8: =IF(D8="","",IFERROR(VLOOKUP(D8,'Cadastro de Alunos'!$A$2:$L$101,3,FALSE),"")) | G8: =IF(D8="","",IFERROR(VLOOKUP(D8,'Cadastro de Alunos'!$A$2:$L$101,5,FALSE),"")) | H8: =IF(D8="","",IFERROR(VLOOKUP(D8,'Cadastro de Alunos'!$A$2:$L$101,10,FALSE),0)) | I8: =IF(D8="","",IFERROR(VLOOKUP(D8,'Cadastro de Alunos'!$A$2:$L$101,11,FALSE),0)) | J8: =IF(OR(D8="",H8=""),"",IFERROR(H8*I8,0)) | K8: 12.5 | L8: =IF(OR(D8="",H8=""),"",IFERROR(H8-J8+K8,0)) | O8: =IF(OR(D8="",L8=""),"",IFERROR(MAX(0,L8-N8),0)) | P8: =IF(OR(D8="",C8="",O8=""),"",IF(O8=0,"Pago",IF(N8>0,"Pago parcial",IF(C8<TODAY(),"Atrasado","Em aberto")))) | Q8: Boleto | R8: =IF(OR(D8="",C8="",O8=""),"",IF(AND(O8>0,C8<TODAY()),TODAY()-C8,0)) | S8: Aguardando regularização
A9: MEN-2026-088 | B9: 46296 | C9: 46305 | D9: ALU-2026-008 | E9: =IF(D9="","",IFERROR(VLOOKUP(D9,'Cadastro de Alunos'!$A$2:$L$101,2,FALSE),"Matrícula não encontrada")) | F9: =IF(D9="","",IFERROR(VLOOKUP(D9,'Cadastro de Alunos'!$A$2:$L$101,3,FALSE),"")) | G9: =IF(D9="","",IFERROR(VLOOKUP(D9,'Cadastro de Alunos'!$A$2:$L$101,5,FALSE),"")) | H9: =IF(D9="","",IFERROR(VLOOKUP(D9,'Cadastro de Alunos'!$A$2:$L$101,10,FALSE),0)) | I9: =IF(D9="","",IFERROR(VLOOKUP(D9,'Cadastro de Alunos'!$A$2:$L$101,11,FALSE),0)) | J9: =IF(OR(D9="",H9=""),"",IFERROR(H9*I9,0)) | K9: 0 | L9: =IF(OR(D9="",H9=""),"",IFERROR(H9-J9+K9,0)) | O9: =IF(OR(D9="",L9=""),"",IFERROR(MAX(0,L9-N9),0)) | P9: =IF(OR(D9="",C9="",O9=""),"",IF(O9=0,"Pago",IF(N9>0,"Pago parcial",IF(C9<TODAY(),"Atrasado","Em aberto")))) | Q9: Pix | R9: =IF(OR(D9="",C9="",O9=""),"",IF(AND(O9>0,C9<TODAY()),TODAY()-C9,0)) | S9: Cobrança futura
A10: MEN-2026-089 | B10: 46296 | C10: 46300 | D10: ALU-2026-009 | E10: =IF(D10="","",IFERROR(VLOOKUP(D10,'Cadastro de Alunos'!$A$2:$L$101,2,FALSE),"Matrícula não encontrada")) | F10: =IF(D10="","",IFERROR(VLOOKUP(D10,'Cadastro de Alunos'!$A$2:$L$101,3,FALSE),"")) | G10: =IF(D10="","",IFERROR(VLOOKUP(D10,'Cadastro de Alunos'!$A$2:$L$101,5,FALSE),"")) | H10: =IF(D10="","",IFERROR(VLOOKUP(D10,'Cadastro de Alunos'!$A$2:$L$101,10,FALSE),0)) | I10: =IF(D10="","",IFERROR(VLOOKUP(D10,'Cadastro de Alunos'!$A$2:$L$101,11,FALSE),0)) | J10: =IF(OR(D10="",H10=""),"",IFERROR(H10*I10,0)) | K10: 0 | L10: =IF(OR(D10="",H10=""),"",IFERROR(H10-J10+K10,0)) | O10: =IF(OR(D10="",L10=""),"",IFERROR(MAX(0,L10-N10),0)) | P10: =IF(OR(D10="",C10="",O10=""),"",IF(O10=0,"Pago",IF(N10>0,"Pago parcial",IF(C10<TODAY(),"Atrasado","Em aberto")))) | Q10: Cartão de Débito | R10: =IF(OR(D10="",C10="",O10=""),"",IF(AND(O10>0,C10<TODAY()),TODAY()-C10,0)) | S10: Aguardando pagamento
A11: MEN-2026-090 | B11: 46266 | C11: 46275 | D11: ALU-2026-010 | E11: =IF(D11="","",IFERROR(VLOOKUP(D11,'Cadastro de Alunos'!$A$2:$L$101,2,FALSE),"Matrícula não encontrada")) | F11: =IF(D11="","",IFERROR(VLOOKUP(D11,'Cadastro de Alunos'!$A$2:$L$101,3,FALSE),"")) | G11: =IF(D11="","",IFERROR(VLOOKUP(D11,'Cadastro de Alunos'!$A$2:$L$101,5,FALSE),"")) | H11: =IF(D11="","",IFERROR(VLOOKUP(D11,'Cadastro de Alunos'!$A$2:$L$101,10,FALSE),0)) | I11: =IF(D11="","",IFERROR(VLOOKUP(D11,'Cadastro de Alunos'!$A$2:$L$101,11,FALSE),0)) | J11: =IF(OR(D11="",H11=""),"",IFERROR(H11*I11,0)) | K11: 0 | L11: =IF(OR(D11="",H11=""),"",IFERROR(H11-J11+K11,0)) | M11: 46272 | N11: 700 | O11: =IF(OR(D11="",L11=""),"",IFERROR(MAX(0,L11-N11),0)) | P11: =IF(OR(D11="",C11="",O11=""),"",IF(O11=0,"Pago",IF(N11>0,"Pago parcial",IF(C11<TODAY(),"Atrasado","Em aberto")))) | Q11: Dinheiro | R11: =IF(OR(D11="",C11="",O11=""),"",IF(AND(O11>0,C11<TODAY()),TODAY()-C11,0)) | S11: Pagamento parcial recebido
E12: =IF(D12="","",IFERROR(VLOOKUP(D12,'Cadastro de Alunos'!$A$2:$L$101,2,FALSE),"Matrícula não encontrada")) | F12: =IF(D12="","",IFERROR(VLOOKUP(D12,'Cadastro de Alunos'!$A$2:$L$101,3,FALSE),"")) | G12: =IF(D12="","",IFERROR(VLOOKUP(D12,'Cadastro de Alunos'!$A$2:$L$101,5,FALSE),"")) | H12: =IF(D12="","",IFERROR(VLOOKUP(D12,'Cadastro de Alunos'!$A$2:$L$101,10,FALSE),0)) | I12: =IF(D12="","",IFERROR(VLOOKUP(D12,'Cadastro de Alunos'!$A$2:$L$101,11,FALSE),0)) | J12: =IF(OR(D12="",H12=""),"",IFERROR(H12*I12,0)) | L12: =IF(OR(D12="",H12=""),"",IFERROR(H12-J12+K12,0)) | O12: =IF(OR(D12="",L12=""),"",IFERROR(MAX(0,L12-N12),0)) | P12: =IF(OR(D12="",C12="",O12=""),"",IF(O12=0,"Pago",IF(N12>0,"Pago parcial",IF(C12<TODAY(),"Atrasado","Em aberto")))) | R12: =IF(OR(D12="",C12="",O12=""),"",IF(AND(O12>0,C12<TODAY()),TODAY()-C12,0))
E13: =IF(D13="","",IFERROR(VLOOKUP(D13,'Cadastro de Alunos'!$A$2:$L$101,2,FALSE),"Matrícula não encontrada")) | F13: =IF(D13="","",IFERROR(VLOOKUP(D13,'Cadastro de Alunos'!$A$2:$L$101,3,FALSE),"")) | G13: =IF(D13="","",IFERROR(VLOOKUP(D13,'Cadastro de Alunos'!$A$2:$L$101,5,FALSE),"")) | H13: =IF(D13="","",IFERROR(VLOOKUP(D13,'Cadastro de Alunos'!$A$2:$L$101,10,FALSE),0)) | I13: =IF(D13="","",IFERROR(VLOOKUP(D13,'Cadastro de Alunos'!$A$2:$L$101,11,FALSE),0)) | J13: =IF(OR(D13="",H13=""),"",IFERROR(H13*I13,0)) | L13: =IF(OR(D13="",H13=""),"",IFERROR(H13-J13+K13,0)) | O13: =IF(OR(D13="",L13=""),"",IFERROR(MAX(0,L13-N13),0)) | P13: =IF(OR(D13="",C13="",O13=""),"",IF(O13=0,"Pago",IF(N13>0,"Pago parcial",IF(C13<TODAY(),"Atrasado","Em aberto")))) | R13: =IF(OR(D13="",C13="",O13=""),"",IF(AND(O13>0,C13<TODAY()),TODAY()-C13,0))
E14: =IF(D14="","",IFERROR(VLOOKUP(D14,'Cadastro de Alunos'!$A$2:$L$101,2,FALSE),"Matrícula não encontrada")) | F14: =IF(D14="","",IFERROR(VLOOKUP(D14,'Cadastro de Alunos'!$A$2:$L$101,3,FALSE),"")) | G14: =IF(D14="","",IFERROR(VLOOKUP(D14,'Cadastro de Alunos'!$A$2:$L$101,5,FALSE),"")) | H14: =IF(D14="","",IFERROR(VLOOKUP(D14,'Cadastro de Alunos'!$A$2:$L$101,10,FALSE),0)) | I14: =IF(D14="","",IFERROR(VLOOKUP(D14,'Cadastro de Alunos'!$A$2:$L$101,11,FALSE),0)) | J14: =IF(OR(D14="",H14=""),"",IFERROR(H14*I14,0)) | L14: =IF(OR(D14="",H14=""),"",IFERROR(H14-J14+K14,0)) | O14: =IF(OR(D14="",L14=""),"",IFERROR(MAX(0,L14-N14),0)) | P14: =IF(OR(D14="",C14="",O14=""),"",IF(O14=0,"Pago",IF(N14>0,"Pago parcial",IF(C14<TODAY(),"Atrasado","Em aberto")))) | R14: =IF(OR(D14="",C14="",O14=""),"",IF(AND(O14>0,C14<TODAY()),TODAY()-C14,0))
E15: =IF(D15="","",IFERROR(VLOOKUP(D15,'Cadastro de Alunos'!$A$2:$L$101,2,FALSE),"Matrícula não encontrada")) | F15: =IF(D15="","",IFERROR(VLOOKUP(D15,'Cadastro de Alunos'!$A$2:$L$101,3,FALSE),"")) | G15: =IF(D15="","",IFERROR(VLOOKUP(D15,'Cadastro de Alunos'!$A$2:$L$101,5,FALSE),"")) | H15: =IF(D15="","",IFERROR(VLOOKUP(D15,'Cadastro de Alunos'!$A$2:$L$101,10,FALSE),0)) | I15: =IF(D15="","",IFERROR(VLOOKUP(D15,'Cadastro de Alunos'!$A$2:$L$101,11,FALSE),0)) | J15: =IF(OR(D15="",H15=""),"",IFERROR(H15*I15,0)) | L15: =IF(OR(D15="",H15=""),"",IFERROR(H15-J15+K15,0)) | O15: =IF(OR(D15="",L15=""),"",IFERROR(MAX(0,L15-N15),0)) | P15: =IF(OR(D15="",C15="",O15=""),"",IF(O15=0,"Pago",IF(N15>0,"Pago parcial",IF(C15<TODAY(),"Atrasado","Em aberto")))) | R15: =IF(OR(D15="",C15="",O15=""),"",IF(AND(O15>0,C15<TODAY()),TODAY()-C15,0))
E16: =IF(D16="","",IFERROR(VLOOKUP(D16,'Cadastro de Alunos'!$A$2:$L$101,2,FALSE),"Matrícula não encontrada")) | F16: =IF(D16="","",IFERROR(VLOOKUP(D16,'Cadastro de Alunos'!$A$2:$L$101,3,FALSE),"")) | G16: =IF(D16="","",IFERROR(VLOOKUP(D16,'Cadastro de Alunos'!$A$2:$L$101,5,FALSE),"")) | H16: =IF(D16="","",IFERROR(VLOOKUP(D16,'Cadastro de Alunos'!$A$2:$L$101,10,FALSE),0)) | I16: =IF(D16="","",IFERROR(VLOOKUP(D16,'Cadastro de Alunos'!$A$2:$L$101,11,FALSE),0)) | J16: =IF(OR(D16="",H16=""),"",IFERROR(H16*I16,0)) | L16: =IF(OR(D16="",H16=""),"",IFERROR(H16-J16+K16,0)) | O16: =IF(OR(D16="",L16=""),"",IFERROR(MAX(0,L16-N16),0)) | P16: =IF(OR(D16="",C16="",O16=""),"",IF(O16=0,"Pago",IF(N16>0,"Pago parcial",IF(C16<TODAY(),"Atrasado","Em aberto")))) | R16: =IF(OR(D16="",C16="",O16=""),"",IF(AND(O16>0,C16<TODAY()),TODAY()-C16,0))
E17: =IF(D17="","",IFERROR(VLOOKUP(D17,'Cadastro de Alunos'!$A$2:$L$101,2,FALSE),"Matrícula não encontrada")) | F17: =IF(D17="","",IFERROR(VLOOKUP(D17,'Cadastro de Alunos'!$A$2:$L$101,3,FALSE),"")) | G17: =IF(D17="","",IFERROR(VLOOKUP(D17,'Cadastro de Alunos'!$A$2:$L$101,5,FALSE),"")) | H17: =IF(D17="","",IFERROR(VLOOKUP(D17,'Cadastro de Alunos'!$A$2:$L$101,10,FALSE),0)) | I17: =IF(D17="","",IFERROR(VLOOKUP(D17,'Cadastro de Alunos'!$A$2:$L$101,11,FALSE),0)) | J17: =IF(OR(D17="",H17=""),"",IFERROR(H17*I17,0)) | L17: =IF(OR(D17="",H17=""),"",IFERROR(H17-J17+K17,0)) | O17: =IF(OR(D17="",L17=""),"",IFERROR(MAX(0,L17-N17),0)) | P17: =IF(OR(D17="",C17="",O17=""),"",IF(O17=0,"Pago",IF(N17>0,"Pago parcial",IF(C17<TODAY(),"Atrasado","Em aberto")))) | R17: =IF(OR(D17="",C17="",O17=""),"",IF(AND(O17>0,C17<TODAY()),TODAY()-C17,0))
E18: =IF(D18="","",IFERROR(VLOOKUP(D18,'Cadastro de Alunos'!$A$2:$L$101,2,FALSE),"Matrícula não encontrada")) | F18: =IF(D18="","",IFERROR(VLOOKUP(D18,'Cadastro de Alunos'!$A$2:$L$101,3,FALSE),"")) | G18: =IF(D18="","",IFERROR(VLOOKUP(D18,'Cadastro de Alunos'!$A$2:$L$101,5,FALSE),"")) | H18: =IF(D18="","",IFERROR(VLOOKUP(D18,'Cadastro de Alunos'!$A$2:$L$101,10,FALSE),0)) | I18: =IF(D18="","",IFERROR(VLOOKUP(D18,'Cadastro de Alunos'!$A$2:$L$101,11,FALSE),0)) | J18: =IF(OR(D18="",H18=""),"",IFERROR(H18*I18,0)) | L18: =IF(OR(D18="",H18=""),"",IFERROR(H18-J18+K18,0)) | O18: =IF(OR(D18="",L18=""),"",IFERROR(MAX(0,L18-N18),0)) | P18: =IF(OR(D18="",C18="",O18=""),"",IF(O18=0,"Pago",IF(N18>0,"Pago parcial",IF(C18<TODAY(),"Atrasado","Em aberto")))) | R18: =IF(OR(D18="",C18="",O18=""),"",IF(AND(O18>0,C18<TODAY()),TODAY()-C18,0))
E19: =IF(D19="","",IFERROR(VLOOKUP(D19,'Cadastro de Alunos'!$A$2:$L$101,2,FALSE),"Matrícula não encontrada")) | F19: =IF(D19="","",IFERROR(VLOOKUP(D19,'Cadastro de Alunos'!$A$2:$L$101,3,FALSE),"")) | G19: =IF(D19="","",IFERROR(VLOOKUP(D19,'Cadastro de Alunos'!$A$2:$L$101,5,FALSE),"")) | H19: =IF(D19="","",IFERROR(VLOOKUP(D19,'Cadastro de Alunos'!$A$2:$L$101,10,FALSE),0)) | I19: =IF(D19="","",IFERROR(VLOOKUP(D19,'Cadastro de Alunos'!$A$2:$L$101,11,FALSE),0)) | J19: =IF(OR(D19="",H19=""),"",IFERROR(H19*I19,0)) | L19: =IF(OR(D19="",H19=""),"",IFERROR(H19-J19+K19,0)) | O19: =IF(OR(D19="",L19=""),"",IFERROR(MAX(0,L19-N19),0)) | P19: =IF(OR(D19="",C19="",O19=""),"",IF(O19=0,"Pago",IF(N19>0,"Pago parcial",IF(C19<TODAY(),"Atrasado","Em aberto")))) | R19: =IF(OR(D19="",C19="",O19=""),"",IF(AND(O19>0,C19<TODAY()),TODAY()-C19,0))
E20: =IF(D20="","",IFERROR(VLOOKUP(D20,'Cadastro de Alunos'!$A$2:$L$101,2,FALSE),"Matrícula não encontrada")) | F20: =IF(D20="","",IFERROR(VLOOKUP(D20,'Cadastro de Alunos'!$A$2:$L$101,3,FALSE),"")) | G20: =IF(D20="","",IFERROR(VLOOKUP(D20,'Cadastro de Alunos'!$A$2:$L$101,5,FALSE),"")) | H20: =IF(D20="","",IFERROR(VLOOKUP(D20,'Cadastro de Alunos'!$A$2:$L$101,10,FALSE),0)) | I20: =IF(D20="","",IFERROR(VLOOKUP(D20,'Cadastro de Alunos'!$A$2:$L$101,11,FALSE),0)) | J20: =IF(OR(D20="",H20=""),"",IFERROR(H20*I20,0)) | L20: =IF(OR(D20="",H20=""),"",IFERROR(H20-J20+K20,0)) | O20: =IF(OR(D20="",L20=""),"",IFERROR(MAX(0,L20-N20),0)) | P20: =IF(OR(D20="",C20="",O20=""),"",IF(O20=0,"Pago",IF(N20>0,"Pago parcial",IF(C20<TODAY(),"Atrasado","Em aberto")))) | R20: =IF(OR(D20="",C20="",O20=""),"",IF(AND(O20>0,C20<TODAY()),TODAY()-C20,0))
E21: =IF(D21="","",IFERROR(VLOOKUP(D21,'Cadastro de Alunos'!$A$2:$L$101,2,FALSE),"Matrícula não encontrada")) | F21: =IF(D21="","",IFERROR(VLOOKUP(D21,'Cadastro de Alunos'!$A$2:$L$101,3,FALSE),"")) | G21: =IF(D21="","",IFERROR(VLOOKUP(D21,'Cadastro de Alunos'!$A$2:$L$101,5,FALSE),"")) | H21: =IF(D21="","",IFERROR(VLOOKUP(D21,'Cadastro de Alunos'!$A$2:$L$101,10,FALSE),0)) | I21: =IF(D21="","",IFERROR(VLOOKUP(D21,'Cadastro de Alunos'!$A$2:$L$101,11,FALSE),0)) | J21: =IF(OR(D21="",H21=""),"",IFERROR(H21*I21,0)) | L21: =IF(OR(D21="",H21=""),"",IFERROR(H21-J21+K21,0)) | O21: =IF(OR(D21="",L21=""),"",IFERROR(MAX(0,L21-N21),0)) | P21: =IF(OR(D21="",C21="",O21=""),"",IF(O21=0,"Pago",IF(N21>0,"Pago parcial",IF(C21<TODAY(),"Atrasado","Em aberto")))) | R21: =IF(OR(D21="",C21="",O21=""),"",IF(AND(O21>0,C21<TODAY()),TODAY()-C21,0))
E22: =IF(D22="","",IFERROR(VLOOKUP(D22,'Cadastro de Alunos'!$A$2:$L$101,2,FALSE),"Matrícula não encontrada")) | F22: =IF(D22="","",IFERROR(VLOOKUP(D22,'Cadastro de Alunos'!$A$2:$L$101,3,FALSE),"")) | G22: =IF(D22="","",IFERROR(VLOOKUP(D22,'Cadastro de Alunos'!$A$2:$L$101,5,FALSE),"")) | H22: =IF(D22="","",IFERROR(VLOOKUP(D22,'Cadastro de Alunos'!$A$2:$L$101,10,FALSE),0)) | I22: =IF(D22="","",IFERROR(VLOOKUP(D22,'Cadastro de Alunos'!$A$2:$L$101,11,FALSE),0)) | J22: =IF(OR(D22="",H22=""),"",IFERROR(H22*I22,0)) | L22: =IF(OR(D22="",H22=""),"",IFERROR(H22-J22+K22,0)) | O22: =IF(OR(D22="",L22=""),"",IFERROR(MAX(0,L22-N22),0)) | P22: =IF(OR(D22="",C22="",O22=""),"",IF(O22=0,"Pago",IF(N22>0,"Pago parcial",IF(C22<TODAY(),"Atrasado","Em aberto")))) | R22: =IF(OR(D22="",C22="",O22=""),"",IF(AND(O22>0,C22<TODAY()),TODAY()-C22,0))
E23: =IF(D23="","",IFERROR(VLOOKUP(D23,'Cadastro de Alunos'!$A$2:$L$101,2,FALSE),"Matrícula não encontrada")) | F23: =IF(D23="","",IFERROR(VLOOKUP(D23,'Cadastro de Alunos'!$A$2:$L$101,3,FALSE),"")) | G23: =IF(D23="","",IFERROR(VLOOKUP(D23,'Cadastro de Alunos'!$A$2:$L$101,5,FALSE),"")) | H23: =IF(D23="","",IFERROR(VLOOKUP(D23,'Cadastro de Alunos'!$A$2:$L$101,10,FALSE),0)) | I23: =IF(D23="","",IFERROR(VLOOKUP(D23,'Cadastro de Alunos'!$A$2:$L$101,11,FALSE),0)) | J23: =IF(OR(D23="",H23=""),"",IFERROR(H23*I23,0)) | L23: =IF(OR(D23="",H23=""),"",IFERROR(H23-J23+K23,0)) | O23: =IF(OR(D23="",L23=""),"",IFERROR(MAX(0,L23-N23),0)) | P23: =IF(OR(D23="",C23="",O23=""),"",IF(O23=0,"Pago",IF(N23>0,"Pago parcial",IF(C23<TODAY(),"Atrasado","Em aberto")))) | R23: =IF(OR(D23="",C23="",O23=""),"",IF(AND(O23>0,C23<TODAY()),TODAY()-C23,0))
... E101: =IF(D101="","",IFERROR(VLOOKUP(D101,'Cadastro de Alunos'!$A$2:$L$101,2,FALSE),"Matrícula não encontrada")) | F101: =IF(D101="","",IFERROR(VLOOKUP(D101,'Cadastro de Alunos'!$A$2:$L$101,3,FALSE),"")) | G101: =IF(D101="","",IFERROR(VLOOKUP(D101,'Cadastro de Alunos'!$A$2:$L$101,5,FALSE),"")) | H101: =IF(D101="","",IFERROR(VLOOKUP(D101,'Cadastro de Alunos'!$A$2:$L$101,10,FALSE),0)) | I101: =IF(D101="","",IFERROR(VLOOKUP(D101,'Cadastro de Alunos'!$A$2:$L$101,11,FALSE),0)) | J101: =IF(OR(D101="",H101=""),"",IFERROR(H101*I101,0)) | L101: =IF(OR(D101="",H101=""),"",IFERROR(H101-J101+K101,0)) | O101: =IF(OR(D101="",L101=""),"",IFERROR(MAX(0,L101-N101),0)) | P101: =IF(OR(D101="",C101="",O101=""),"",IF(O101=0,"Pago",IF(N101>0,"Pago parcial",IF(C101<TODAY(),"Atrasado","Em aberto")))) | R101: =IF(OR(D101="",C101="",O101=""),"",IF(AND(O101>0,C101<TODAY()),TODAY()-C101,0))

Sheet Resumo Financeiro
A1: Resumo Financeiro — Mensalidades Escolares
A2: Indicador | B2: Resultado | M2: Status | N2: Quantidade
A3: Total Faturado | B3: =SUM('Mensalidades'!$L$2:$L$101) | M3: Pago | N3: =COUNTIF('Mensalidades'!$P$2:$P$101,M3)
A4: Total Recebido | B4: =SUM('Mensalidades'!$N$2:$N$101) | M4: Em aberto | N4: =COUNTIF('Mensalidades'!$P$2:$P$101,M4)
A5: Total em Aberto | B5: =SUM('Mensalidades'!$O$2:$O$101) | M5: Atrasado | N5: =COUNTIF('Mensalidades'!$P$2:$P$101,M5)
A6: Índice de Inadimplência | B6: =IFERROR(B5/B3,0) | M6: Pago parcial | N6: =COUNTIF('Mensalidades'!$P$2:$P$101,M6)
A7: Quantidade de Pagamentos | B7: =COUNTIF('Mensalidades'!$P$2:$P$101,"Pago")
A8: Quantidade em Atraso | B8: =COUNTIF('Mensalidades'!$P$2:$P$101,"Atrasado")
A9: Ticket Médio Recebido | B9: =IFERROR(AVERAGE('Mensalidades'!$N$2:$N$101),0)
A11: Competência | B11: Faturado | C11: Recebido | D11: Em Aberto | E11: % Recebido
A12: 46023 | B12: =SUMIF('Mensalidades'!$B$2:$B$101,A12,'Mensalidades'!$L$2:$L$101) | C12: =SUMIF('Mensalidades'!$B$2:$B$101,A12,'Mensalidades'!$N$2:$N$101) | D12: =SUMIF('Mensalidades'!$B$2:$B$101,A12,'Mensalidades'!$O$2:$O$101) | E12: =IFERROR(C12/B12,0)
A13: 46054 | B13: =SUMIF('Mensalidades'!$B$2:$B$101,A13,'Mensalidades'!$L$2:$L$101) | C13: =SUMIF('Mensalidades'!$B$2:$B$101,A13,'Mensalidades'!$N$2:$N$101) | D13: =SUMIF('Mensalidades'!$B$2:$B$101,A13,'Mensalidades'!$O$2:$O$101) | E13: =IFERROR(C13/B13,0)
A14: 46082 | B14: =SUMIF('Mensalidades'!$B$2:$B$101,A14,'Mensalidades'!$L$2:$L$101) | C14: =SUMIF('Mensalidades'!$B$2:$B$101,A14,'Mensalidades'!$N$2:$N$101) | D14: =SUMIF('Mensalidades'!$B$2:$B$101,A14,'Mensalidades'!$O$2:$O$101) | E14: =IFERROR(C14/B14,0)
A15: 46113 | B15: =SUMIF('Mensalidades'!$B$2:$B$101,A15,'Mensalidades'!$L$2:$L$101) | C15: =SUMIF('Mensalidades'!$B$2:$B$101,A15,'Mensalidades'!$N$2:$N$101) | D15: =SUMIF('Mensalidades'!$B$2:$B$101,A15,'Mensalidades'!$O$2:$O$101) | E15: =IFERROR(C15/B15,0)
A16: 46143 | B16: =SUMIF('Mensalidades'!$B$2:$B$101,A16,'Mensalidades'!$L$2:$L$101) | C16: =SUMIF('Mensalidades'!$B$2:$B$101,A16,'Mensalidades'!$N$2:$N$101) | D16: =SUMIF('Mensalidades'!$B$2:$B$101,A16,'Mensalidades'!$O$2:$O$101) | E16: =IFERROR(C16/B16,0)
A17: 46174 | B17: =SUMIF('Mensalidades'!$B$2:$B$101,A17,'Mensalidades'!$L$2:$L$101) | C17: =SUMIF('Mensalidades'!$B$2:$B$101,A17,'Mensalidades'!$N$2:$N$101) | D17: =SUMIF('Mensalidades'!$B$2:$B$101,A17,'Mensalidades'!$O$2:$O$101) | E17: =IFERROR(C17/B17,0)
A18: 46204 | B18: =SUMIF('Mensalidades'!$B$2:$B$101,A18,'Mensalidades'!$L$2:$L$101) | C18: =SUMIF('Mensalidades'!$B$2:$B$101,A18,'Mensalidades'!$N$2:$N$101) | D18: =SUMIF('Mensalidades'!$B$2:$B$101,A18,'Mensalidades'!$O$2:$O$101) | E18: =IFERROR(C18/B18,0)
A19: 46235 | B19: =SUMIF('Mensalidades'!$B$2:$B$101,A19,'Mensalidades'!$L$2:$L$101) | C19: =SUMIF('Mensalidades'!$B$2:$B$101,A19,'Mensalidades'!$N$2:$N$101) | D19: =SUMIF('Mensalidades'!$B$2:$B$101,A19,'Mensalidades'!$O$2:$O$101) | E19: =IFERROR(C19/B19,0)
A20: 46266 | B20: =SUMIF('Mensalidades'!$B$2:$B$101,A20,'Mensalidades'!$L$2:$L$101) | C20: =SUMIF('Mensalidades'!$B$2:$B$101,A20,'Mensalidades'!$N$2:$N$101) | D20: =SUMIF('Mensalidades'!$B$2:$B$101,A20,'Mensalidades'!$O$2:$O$101) | E20: =IFERROR(C20/B20,0)
A21: 46296 | B21: =SUMIF('Mensalidades'!$B$2:$B$101,A21,'Mensalidades'!$L$2:$L$101) | C21: =SUMIF('Mensalidades'!$B$2:$B$101,A21,'Mensalidades'!$N$2:$N$101) | D21: =SUMIF('Mensalidades'!$B$2:$B$101,A21,'Mensalidades'!$O$2:$O$101) | E21: =IFERROR(C21/B21,0)
A22: 46327 | B22: =SUMIF('Mensalidades'!$B$2:$B$101,A22,'Mensalidades'!$L$2:$L$101) | C22: =SUMIF('Mensalidades'!$B$2:$B$101,A22,'Mensalidades'!$N$2:$N$101) | D22: =SUMIF('Mensalidades'!$B$2:$B$101,A22,'Mensalidades'!$O$2:$O$101) | E22: =IFERROR(C22/B22,0)
A23: 46357 | B23: =SUMIF('Mensalidades'!$B$2:$B$101,A23,'Mensalidades'!$L$2:$L$101) | C23: =SUMIF('Mensalidades'!$B$2:$B$101,A23,'Mensalidades'!$N$2:$N$101) | D23: =SUMIF('Mensalidades'!$B$2:$B$101,A23,'Mensalidades'!$O$2:$O$101) | E23: =IFERROR(C23/B23,0)
